 Dungeon Sprint DCSS version 0.26-a0-1177-g1209ec82b9 (webtiles) character file.

Game seed: 13417851673938387610

725 reriks the Unseen (level 7, -1/33 HPs)
             Began as a Spriggan Brigand on Dec 24, 2020.
             Was an Initiate of Dithmenos.
             Slain by a chaos spawn (15 damage)
             ... summoned by a kobold demonologist
             ... in the Dungeon (Sprint I: "Red Sonja").
             The game lasted 00:02:25 (345 turns).

reriks the Unseen (Spriggan Brigand)                 Turns: 345, Time: 00:02:25

Health: -1/33      AC:  3    Str:  7    XL:     7   Next: 43%
Magic:  8/8        EV: 29    Int: 12    God:    Dithmenos [......]
Gold:   405        SH:  0    Dex: 20    Spells: 6/6 levels left

rFire    . . .     SeeInvis +   a - +2 dagger
rCold    . . .     Faith    .   (shield restricted)
rNeg     . . .     Spirit   .   b - +0 robe
rPois    .         Reflect  .   (helmet restricted)
rElec    .         Harm     .   c - +0 cloak
rCorr    .         Rampage  .   (gloves unavailable)
Will     +....     NoTele   +   (boots unavailable)
Stlth    +++++++...             (no amulet)
HPRegen  0.11/turn              (no ring)
MPRegen  0.11/turn              (no ring)

@: very quick
A: very small, unfitting armour, see invisible, speed 3
a: Renounce Religion


You were in the Dungeon.
You worshipped Dithmenos.
Dithmenos was noncommittal.
You visited 1 branch You collected 405 gold pieces.

Inventory:

Hand Weapons
 a - a +2 dagger (weapon)
Missiles
 d - 4 poisoned darts (quivered)
 e - 2 curare-tipped darts
Armour
 b - a +0 robe (worn)
 c - a +0 cloak (worn)
Wands
 j - a wand of random effects (18)
Scrolls
 k - a scroll of blinking
Potions
 f - a potion of curing
 g - a potion of heal wounds
 h - a potion of haste
 i - 2 potions of magic
 l - a potion of cancellation {unknown}


   Skills:
 - Level 1.5 Fighting
 + Level 9.2 Short Blades
 - Level 2.0 Throwing
 + Level 11.5 Dodging
 * Level 17.3 Stealth


You had 6 spell levels left.
You didn't know any spells.
Your spell library was empty.

Dungeon Overview and Level Annotations

Branches:
Dungeon (1/1)

Altars:
Cheibriados
Dithmenos
Elyvilon
Fedhas
Gozag
Hepliaklqana
Kikubaaqudgha
Makhleb
Nemelex Xobeh
Okawaru
Qazlal
Ru
Sif Muna
Trog
Uskayaw
Vehumet
Wu Jian
Xom
Yredelemnul
Zin
The Shining One
Jiyva
Lugonu

Shops:
D (


Innate Abilities, Weirdness & Mutations

You are very small and have problems with some larger weapons.
You are too small for most types of armour.
You have supernaturally acute eyesight. (SInv)
You cover ground extremely quickly.


Message History

The crimson imp completely misses you.
Throw: 6 darts (poison)
Press: ? - help, Q - select action, (/) - cycle Shift-Dir - straight line, f - chaos spawn
Aim: a chaos spawn (summoned)
You throw a poisoned dart. The poisoned dart hits the chaos spawn.
The chaos spawn is poisoned.
The kobold demonologist hits you with a +0 dagger.
The kobold demonologist misses you. The chaos spawn hits you!
Throw: 5 darts (poison)
Press: ? - help, Q - select action, (/) - cycle Shift-Dir - straight line, f - kobold demonologist, p - chaos spawn
Aim: a kobold demonologist, wielding a +0 dagger and wearing a +0 robe (lightly wounded)
You throw a poisoned dart.
The poisoned dart hits the kobold demonologist.
The kobold demonologist is poisoned.
The kobold demonologist is lightly wounded.
The crimson imp completely misses you.
The kobold demonologist completely misses you.
The kobold demonologist hits you but does no damage.
The chaos spawn gores you!
You die...

####################
'..#.)'..#__#.54@K5#
#).'..#..'..'..#K5.#
##'#####'#__####5..+
#..#...#[#### #####
####..##)#
___##'#_.+
∩...'..._#
.__##_.#'#
___###+#(#


You could see 2 kobold demonologists, a chaos spawn (summoned, poisoned), 2 iron
imps, a crimson imp (summoned) and an ufetubus (summoned).

Vanquished Creatures
  A slime creature (D)
  Sigmund (D)
  A yak (D)
  A floating eye (D)
  An ogre (D)
  A jelly (D)
  Ijyb (D)
7 creatures vanquished.

Notes
Turn   | Place    | Note
-------+----------+-------------------------------------------
     0 | D        | reriks the Spriggan Brigand began the quest for the Orb.
     0 | D        | Reached XP level 1. HP: 10/10 MP: 2/2
     2 | D        | Noticed Ijyb
    13 | D        | Killed Ijyb
    14 | D        | Reached skill level 8 in Stealth
    14 | D        | Reached XP level 2. HP: 14/14 MP: 3/3
   174 | D        | Noticed an ogre
   201 | D        | Killed an ogre
   202 | D        | Reached skill level 5 in Short Blades
   202 | D        | Reached skill level 11 in Stealth
   202 | D        | Reached XP level 3. HP: 18/18 MP: 4/4
   202 | D        | Reached XP level 4. HP: 22/22 MP: 5/5
   239 | D        | Noticed Sigmund
   242 | D        | Killed Sigmund
   243 | D        | Reached skill level 13 in Stealth
   243 | D        | Reached XP level 5. HP: 25/25 MP: 6/6
   255 | D        | Found a shimmering blue altar of Sif Muna.
   256 | D        | Found an ornate altar of the Wu Jian Council.
   257 | D        | Found a radiant altar of Vehumet.
   262 | D        | Reached skill level 14 in Stealth
   262 | D        | Reached XP level 6. HP: 30/30 MP: 7/7
   279 | D        | Found Peeff's Antique Weapon Emporium.
   279 | D        | Found an ancient bone altar of Kikubaaqudgha.
   279 | D        | Found a hazy altar of Hepliaklqana.
   279 | D        | Found a hide-covered altar of Uskayaw.
   279 | D        | Found a basalt altar of Yredelemnul.
   279 | D        | Found an opulent altar of Gozag.
   279 | D        | Found a snail-covered altar of Cheibriados.
   279 | D        | Found a sacrificial altar of Ru.
   279 | D        | Found a shadowy altar of Dithmenos.
   279 | D        | Noticed a yak
   280 | D        | Found a stormy altar of Qazlal.
   280 | D        | Found a blossoming altar of Fedhas.
   280 | D        | Found a bloodstained altar of Trog.
   280 | D        | Found an iron altar of Okawaru.
   280 | D        | Found a glowing golden altar of the Shining One.
   280 | D        | Found a glowing silver altar of Zin.
   280 | D        | Found a white marble altar of Elyvilon.
   281 | D        | Killed a yak
   282 | D        | Reached skill level 10 in Dodging
   282 | D        | Reached skill level 15 in Stealth
   282 | D        | Found a sparkling altar of Nemelex Xobeh.
   289 | D        | Became a worshipper of Dithmenos the Shadowed
   304 | D        | Found a burning altar of Makhleb.
   304 | D        | Found a viscous altar of Jiyva.
   304 | D        | Found a shimmering altar of Xom.
   304 | D        | Found a corrupted altar of Lugonu.
   304 | D        | Noticed a slime creature
   307 | D        | Killed a slime creature
   308 | D        | Reached skill level 16 in Stealth
   308 | D        | Reached XP level 7. HP: 33/33 MP: 8/8
   322 | D        | Noticed a kobold demonologist
   323 | D        | Noticed a kobold demonologist
   327 | D        | Paralysed by a floating eye for 2 turns
   332 | D        | Paralysed by a floating eye for 2 turns
   340 | D        | Noticed a chaos spawn
   341 | D        | Reached skill level 17 in Stealth
   345 | D        | Slain by a chaos spawn

Illustrated notes

Levels and vault maps discovered:
D:        dungeon_sprint_1 [red_sonja_temple_1, red_sonja_temple_small_1]

Skill      XL: |  1  2  3  4  5  6  7 |
---------------+----------------------+-----
Short Blades   | 3 5 7 8 9 |  9.2
Dodging        | 4 6 8 9 11 | 11.5
Stealth        | 8 11 13 14 16 17 | 17.3
Fighting       | |  1.5
Throwing       | |  2.0

Action                   |  1- 3 |  4- 6 |  7- 9 || total
-------------------------+-------+-------+-------++-------
Melee: Dagger            |     9 |     4 |    11 ||    24
Throw: Dart              |     8 |       |     4 ||    12
  Use: Potion            |     1 |       |       ||     1
 Stab: Sleeping          |       |     4 |       ||     4
Armor: Robe              |     2 |       |     6 ||     8
Dodge: Dodged            |     3 |       |    19 ||    22

Table legend: (Time is in decaauts)
 A = Elapsed time spent in this place.
 B = Non-inter-level travel time spent in this place.
 C = Inter-level travel time spent in this place.
 D = Time resting spent in this place.
 E = Time spent auto-exploring this place.
 F = Levels seen in this place.
 G = Mean time per level.
                   A        B        C        D        E       F      G
               +--------+--------+--------+--------+--------+-----+--------+
         Total |    303 |    303 |      0 |    171 |      0 |   1 |  303.0 |
       Dungeon |    303 |    303 |      0 |    171 |      0 |   1 |  303.0 |
               +--------+--------+--------+--------+--------+-----+--------+

Top non-repeatable levels by time:
       D: 303 daAuts
